[Event "*** SCC Grand Prix: Titled Tuesday Blitz"]
[Site "Chess.com"]
[Date "2020.08.04"]
[Round "5"]
[White "The_Machine04"]
[Black "amiralfio"]
[Result "1-0"]
[WhiteElo "2250"]
[BlackElo "2438"]
[TimeControl "180+1"]
[EndTime "14:40:08 PDT"]
[Termination "The_Machine04 won on time"]

1. d4 d5 2. Bf4 Nf6 3. e3 e6 4. Bd3 Bd6 5. Bg3 c5 6. c3 Qc7 7.
Nd2 Nbd7 8. f4 O-O 9. Ngf3 b6 10.
O-O Bb7 11. Ne5 Ne4 12. Be1 f6 13. Nxd7 Qxd7 14. Qf3 f5 15. Qe2 Rac8 16. Nf3 Qe7 17. Ne5 g5 18. Bxe4 dxe4 19. g3 Bxe5 20. dxe5 Rcd8 21. Rd1 Rd3 22. Bf2 Rfd8 23. Qc2 Qd7 24. Rxd3 exd3 25. Qd2 Qd5 26. e4 Qxe4 27. Be3 Qh1+ 28.
Kf2 Qxh2+ 29. Ke1 Qe2+ 30. Qxe2 dxe2 31. Rf2 Ba6 32. Bd2 g4 33. Rh2 Bd3 34. Rh6 Kg7 35. Rxe6 Bc4 36. Rd6 1-0

[Event "*** SCC Grand Prix: Titled Tuesday Blitz"]
[Site "Chess.com"]
[Date "2020.08.04"]
[Round "5"]
[White "KaterynaLagno"]
[Black "Robert_Chessmood"]
[Result "1/2-1/2"]
[WhiteElo "2729"]
[BlackElo "2958"]
[TimeControl "180+1"]
[EndTime "14:40:09 PDT"]
[Termination "Game drawn by agreement"]

1. e4 e5 2. Nf3 Nc6 3. Bb5 Nf6 4. O-O Nxe4 5. Re1 Nd6 6. Nxe5 Be7 7. Bf1 Nxe5 8. Rxe5 O-O 9. d4 Ne8 10. c4 Bf6 11. Re1 d5 12. cxd5 Qxd5 13. Be3 Nd6 14. Nc3 Qa5 15. d5 Bf5 16. Rc1 Rfd8 17. Qb3 Ne4 18.
Nxe4 Bxe4 19. Qxb7 Bxd5 20. Qxc7 Qxa2 21. Ra1 Qxb2 22. Rxa7 Rxa7 23. Bxa7 h5 24. Be3 h4 25.
Rd1 Qb3 26. Rd3 Qb1 27. Qc1 Qxc1 28. Bxc1 Rc8 29. Be3 Bc4 30. Rd1 Bb3 31. Rc1 Rxc1 32. Bxc1 g5 33. Be2 Kg7 34. Bg4 Bc2 35. f4 Bd4+ 36. Kf1 Bd3+ 37. Be2 Bxe2+ 38. Kxe2 g4 39. h3 f5 40. Kd3 Bf2 1/2-1/2

[Event "*** SCC Grand Prix: Titled Tuesday Blitz"]
[Site "Chess.com"]
[Date "2020.08.04"]
[Round "5"]
[White "KuzubovYuriy"]
[Black "ftorodent"]
[Result "1-0"]
[WhiteElo "2836"]
[BlackElo "2662"]
[TimeControl "180+1"]
[EndTime "14:40:09 PDT"]
[Termination "KuzubovYuriy won on time"]

1. d4 d5 2. c4 e6 3. Nc3 Be7 4.
Nf3 Nf6 5. Bf4 O-O 6. e3 Nbd7 7. cxd5 Nxd5 8. Nxd5 exd5 9. Bd3 c5 10. O-O c4 11.
Bc2 Nf6 12. Ne5 Be6 13. g4 Rc8 14. Kh1 b5 15. f3 Nd7 16. Qb1 g6 17. Bg3 Nxe5 18.
Bxe5 Bf6 19. Qe1 Bxe5 20. dxe5 d4 21. exd4 Qxd4 22. Qc3 Rfd8 23. Rad1 Qb6 24. a3 a5 25. Rd6 Rxd6 26. exd6 Qxd6 27. Qxa5 c3 28. bxc3 Qd2 29. Be4 Rxc3 30. Qxb5 Rxa3 31. Qb8+ Kg7 32. Qe5+ Kg8 33. Rb1 Rb3 34. Ra1 1-0

[Event "*** SCC Grand Prix: Titled Tuesday Blitz"]
[Site "Chess.com"]
[Date "2020.08.04"]
[Round "5"]
[White "BlueWizzard"]
[Black "Infernal_XaM"]
[Result "0-1"]
[WhiteElo "2702"]
[BlackElo "2918"]
[TimeControl "180+1"]
[EndTime "14:40:10 PDT"]
[Termination "Infernal_XaM won on time"]

1. e4 e5 2. Nf3 Nc6 3. d4 exd4 4. Nxd4 Qh4 5. Nc3 Bb4 6. Nb5 Ba5 7. Qd3 Nf6 8. Bd2 Nb4 9. Qe2 Nxc2+ 10. Kd1 Nxa1 11.
Nd5 Bxd2 12. g3 Qh6 13. Ndxc7+ Kd8 14. Nxa8 Ba5 15. Nd6 Rf8 16. e5 Ne8 17. Nc4 Qc6 18.
f3 Bb4 19. Qd3 b5 20. Nd2 Qxa8 21. Bh3 Qc6 22. Ke2 Nc2 23. Rc1 Nd4+ 24. Qxd4 Qxc1 25.
Qxb4 d6 26. Qh4+ f6 27. e6 Qxb2 28. e7+ Kxe7 29. Bxc8 Qe5+ 30. Kd1 Nc7 31. Bb7 Rb8 32. Be4 h6 33. Qg4 Ne6 34. f4 Qa1+ 35. Ke2 Qxa2 36. f5 Ng5 37. h4 Nxe4 38. Qxe4+ Kf8 39. Kd1 Qa4+ 0-1

[Event "*** SCC Grand Prix: Titled Tuesday Blitz"]
[Site "Chess.com"]
[Date "2020.08.04"]
[Round "5"]
[White "SiddharthGMJagadeesh"]
[Black "boasovietica"]
[Result "1-0"]
[WhiteElo "2589"]
[BlackElo "2415"]
[TimeControl "180+1"]
[EndTime "14:40:12 PDT"]
[Termination "SiddharthGMJagadeesh won by resignation"]

1. d4 Nf6 2. Nf3 g6 3. c3 Bg7 4.
Bg5 O-O 5. Nbd2 d5 6. e3 b6 7. Be2 Bb7 8. O-O Nbd7 9. a4 a6 10. a5 b5 11. b4 Ne4 12. Nxe4 dxe4 13. Nd2 Nf6 14. Bxf6 exf6 15. Nb3 Bd5 16. Nc5 f5 17.
Qc2 Re8 18. c4 bxc4 19. Bxc4 f4 20. Bxa6 f3 21. gxf3 exf3 22. Kh1 Rxa6 23. Nxa6 Qc8 24. Nxc7 Re5 25. Rg1 Rxe3 26. fxe3 f2+ 27. Rg2 Qh3 28. Qxf2 Bh6 29. Nxd5 Qe6 30. Nf4 1-0

[Event "*** SCC Grand Prix: Titled Tuesday Blitz"]
[Site "Chess.com"]
[Date "2020.08.04"]
[Round "5"]
[White "aa175"]
[Black "MVM2008"]
[Result "0-1"]
[WhiteElo "2460"]
[BlackElo "2242"]
[TimeControl "180+1"]
[EndTime "14:40:13 PDT"]
[Termination "MVM2008 won on time"]

1. d4 Nc6 2. Nf3 g6 3. Bf4 Bg7 4. e3 d6 5. Nbd2 e5 6. dxe5 dxe5 7.
Bg5 Nge7 8. Bd3 h6 9. Bh4 g5 10. Bg3 f5 11. e4 f4 12. Bc4 fxg3 13. hxg3 Ng6 14. c3 Bg4 15. Qb3 Qd7 16. O-O-O O-O-O 17. Nh2 Bxd1 18. Rxd1 Qe7 19. Bd5 Qc5 20. Ng4 Nge7 21. Nc4 Nxd5 22. exd5 Na5 23. Nxa5 Qxa5 24. Ne3 Qc5 25.
Nf5 Bf6 26. d6 cxd6 27. Qe6+ Kb8 28. Qxf6 Qxf2 29. Qe6 Rhe8 30. Ne7 Qf8 0-1

[Event "*** SCC Grand Prix: Titled Tuesday Blitz"]
[Site "Chess.com"]
[Date "2020.08.04"]
[Round "5"]
[White "PauloCesarCosta_sad"]
[Black "AGW2016"]
[Result "1/2-1/2"]
[WhiteElo "2230"]
[BlackElo "2427"]
[TimeControl "180+1"]
[EndTime "14:40:14 PDT"]
[Termination "Game drawn by repetition"]

1. Nf3 Nf6 2. d4 g6 3. g3 Bg7 4. Bg2 O-O 5. O-O d6 6. c4 c5 7.
Nc3 Nc6 8. b3 cxd4 9. Nxd4 Nxd4 10. Qxd4 Be6 11. Bb2 Nd5 12. Qd2 Nxc3 13. Bxc3 Bxc3 14.
Qxc3 Rb8 15. Qe3 a6 16. Rfd1 Qa5 17. a4 Qb4 18. Rd4 Rfc8 19. Rh4 h5 20. Re4 Qc5 21. Rxe6 fxe6 22. Qxe6+ Kg7 23. Qxe7+ Kh6 24. Qe4 Rf8 25. e3 b5 26. cxb5 axb5 27. a5 Qc3 28. Qd4 b4 29. a6 Qc2 30. f4 d5 31. Bxd5 Rbd8 32. a7 Rfe8 33. e4 Rxd5 34. Qxd5 Qc3 35. a8=Q Rxa8 36. Qxa8 Qe3+ 37. Kg2 Qe2+ 38. Kg1 Qe3+ 39.
Kf1 Qf3+ 40. Ke1 Qe3+ 41. Kd1 Qd3+ 42. Ke1 Qe3+ 43. Kf1 Qf3+ 44. Kg1 Qe3+ 1/2-1/2

[Event "*** SCC Grand Prix: Titled Tuesday Blitz"]
[Site "Chess.com"]
[Date "2020.08.04"]
[Round "5"]
[White "Sanyura"]
[Black "DanielRensch"]
[Result "0-1"]
[WhiteElo "2401"]
[BlackElo "2565"]
[TimeControl "180+1"]
[EndTime "14:40:18 PDT"]
[Termination "DanielRensch won on time"]

1. e4 c5 2. Nf3 d6 3. d4 cxd4 4.
Nxd4 Nf6 5. Nc3 a6 6. g3 e6 7.
Bg2 Be7 8. O-O O-O 9. Re1 Nbd7 10. h3 Qc7 11. Be3 Rb8 12. a4 b6 13. g4 Bb7 14.
g5 Ne8 15. Qh5 Ne5 16. Rad1 Nc6 17. Rd3 g6 18. Qh6 Ng7 19. Nxc6 Bxc6 20. Bd4 e5 21. Be3 Rfc8 22. Qh4 h5 23. f4 exf4 24. Bxf4 Ne6 25.
Bd2 Qd8 26. Nd5 Bxd5 27. exd5 Bxg5 28. Qf2 Bxd2 29. dxe6 Bxe1 30. Qxf7+ Kh8 31. e7 Qg8 32. Qf4 Qg7 33. Rxd6 Re8 34. Re6 Rbc8 35. Bb7 Rc7 0-1

[Event "*** SCC Grand Prix: Titled Tuesday Blitz"]
[Site "Chess.com"]
[Date "2020.08.04"]
[Round "5"]
[White "Fh2411"]
[Black "AndrewDGreen"]
[Result "1-0"]
[WhiteElo "2551"]
[BlackElo "2399"]
[TimeControl "180+1"]
[EndTime "14:40:18 PDT"]
[Termination "Fh2411 won by resignation"]

1. d4 Nf6 2. Nf3 g6 3. g3 Bg7 4.
Bg2 O-O 5. O-O d6 6. c4 c6 7. Nc3 Bf5 8. d5 Ne4 9. Nd4 Nxc3 10. bxc3 Bd7 11. dxc6 Nxc6 12. Rb1 Qc8 13. Bg5 Re8 14. Nb3 b6 15. Nd4 Rb8 16. Nb5 Bh3 17. Qd5 Bxg2 18. Kxg2 a6 19. Nd4 Ne5 20. Rb4 Qc5 21. Rfb1 Rbc8 22. Rxb6 Nxc4 23. Qxc5 Rxc5 24. Rb8 Rcc8 25. Rxc8 Rxc8 26. Bxe7 a5 27. e3 a4 28. Rb4 a3 29. Ra4 Rb8 30. Rxc4 h5 31. Bxd6 Rb2 32.
Bxa3 Rxa2 33. Bb4 h4 34. gxh4 Bf6 35. Nf3 Kg7 36. Rc7 Rc2 37. Rc5 Ra2 38. h5 Rc2 39. hxg6 fxg6 40. Rc7+ Kh6 41. Ba5 g5 42. Nd4 Be5 43.
Rc6+ 1-0

[Event "*** SCC Grand Prix: Titled Tuesday Blitz"]
[Site "Chess.com"]
[Date "2020.08.04"]
[Round "5"]
[White "crescentmoon2411"]
[Black "maxip32"]
[Result "1/2-1/2"]
[WhiteElo "2770"]
[BlackElo "2472"]
[TimeControl "180+1"]
[EndTime "14:40:19 PDT"]
[Termination "Game drawn by agreement"]

1. c4 g6 2. Nc3 Bg7 3. d4 Nf6 4. e4 d6 5. f4 c5 6. d5 O-O 7.
Nf3 e6 8. dxe6 fxe6 9. Bd3 a6 10.
O-O Nc6 11. Ng5 b6 12. Be3 Ra7 13. Kh1 Qe8 14. Bc2 Qe7 15. Qd2 Rd7 16. Rae1 Bb7 17. f5 Nd8 18. fxe6 Nxe6 19. Nd5 Nxd5 20. exd5 Rxf1+ 21. Rxf1 Nxg5 22. Bxg5 Qe5 23. b3 Rf7 24. Rxf7 Kxf7 25. g3 Bc8 26. Kg2 Bf5 27. Bxf5 Qxf5 28.
Qf4 Qxf4 29. Bxf4 Ke7 30. h4 Kd7 31. Kf3 Bf6 32. Bh6 Be5 33. g4 Ke7 34. h5 Kf7 35. Ke4 Kf6 36. a4 Ke7 37. a5 bxa5 38. Be3 Bc3 39. Bg5+ Kd7 40. Bf4 Bb2 41. Bd2 a4 42.
bxa4 Be5 43. Bg5 Kc7 44. Bf4 Bf6 45. hxg6 hxg6 46. Bd2 Kd7 1/2-1/2

[Event "*** SCC Grand Prix: Titled Tuesday Blitz"]
[Site "Chess.com"]
[Date "2020.08.04"]
[Round "5"]
[White "Nara_Kh"]
[Black "dopolian"]
[Result "0-1"]
[WhiteElo "2333"]
[BlackElo "2501"]
[TimeControl "180+1"]
[EndTime "14:40:19 PDT"]
[Termination "dopolian won by resignation"]

1. e4 e5 2. Nf3 Nc6 3. Bb5 a6 4. Ba4 Nf6 5. O-O Nxe4 6. d4 b5 7. Bb3 d5 8. dxe5 Be6 9. c3 Bc5 10. Nbd2 O-O 11. Qe2 Bf5 12. a4 b4 13. c4 Nxd2 14. Bxd2 d4 15. Bg5 Qd7 16. a5 d3 17.
Qd2 Bg4 18. Ba4 Bxf3 19. gxf3 Qe6 20. Bxc6 Qxc6 21. Qxd3 h6 22. Bf4 Rad8 23. Qf5 Qxf3 24. e6 Bd6 25. e7 Bxe7 26. Rae1 Bg5 27. Re4 Rfe8 28. Rxe8+ Rxe8 29. Qd5 Qxd5 30. cxd5 Bxf4 31. Rd1 Re2 32. d6 Bxd6 33. Rd5 Rxb2 34. Kg2 b3 35. Kf3 Rb1 36. Rd3 b2 37. Rd1 Rxd1 0-1

[Event "*** SCC Grand Prix: Titled Tuesday Blitz"]
[Site "Chess.com"]
[Date "2020.08.04"]
[Round "5"]
[White "aljado"]
[Black "Filip_Covic"]
[Result "0-1"]
[WhiteElo "2122"]
[BlackElo "2361"]
[TimeControl "180+1"]
[EndTime "14:40:19 PDT"]
[Termination "Filip_Covic won by resignation"]

1. e4 e6 2. d4 d5 3. exd5 exd5 4. c4 Nf6 5. Nc3 Be7 6. Nf3 O-O 7. Bd3 dxc4 8. Bxc4 Nc6 9. O-O Bg4 10.
Be3 Bxf3 11. Qxf3 Nxd4 12. Qf4 Nc6 13. Rad1 Bd6 14. Qh4 h6 15. Rfe1 Ne5 16. Be2 Ng6 17. Qc4 a6 18. Bf3 Ne5 19. Qe2 Qc8 20. g3 Nxf3+ 21. Qxf3 Qh3 22. Rd4 Qh5 23. Qxb7 Rab8 24. Qxa6 Rxb2 25. Rh4 Qf5 26. Qf1 Ng4 27. Bd4 c5 28. Be3 Ne5 29. Kh1 Nf3 30. Bc1 Rc2 31. Nd5 Qxd5 0-1

[Event "*** SCC Grand Prix: Titled Tuesday Blitz"]
[Site "Chess.com"]
[Date "2020.08.04"]
[Round "5"]
[White "ChronicUnhappiness"]
[Black "abfchess"]
[Result "1-0"]
[WhiteElo "2384"]
[BlackElo "2143"]
[TimeControl "180+1"]
[EndTime "14:40:21 PDT"]
[Termination "ChronicUnhappiness won by resignation"]

1. d4 d5 2. c4 e6 3. Nc3 c6 4. e3 Bd6 5. Be2 f5 6. f4 Nf6 7.
Nf3 O-O 8. O-O Ne4 9. Qc2 Nd7 10. Rb1 a5 11. Nxe4 fxe4 12. Ne5 Qf6 13. Bd2 Qh6 14. b4 axb4 15. Bxb4 Bxb4 16. Rxb4 Nxe5 17. dxe5 g5 18. f5 Rxf5 19. Rxf5 exf5 20. cxd5 cxd5 21. Qc7 Qc6 22. Qd8+ Kg7 23. Qxg5+ Kh8 24. Qd8+ Kg7 25. h3 Rxa2 26. Rb6 Ra1+ 27. Kh2 Qd7 28. Qf6+ Kg8 29. Rd6 Ra6 30.
Qg5+ Qg7 31. Rd8+ Kf7 32. Bh5+ Rg6 33. Bxg6+ hxg6 34. Rxc8 Qxe5+ 35. Qf4 Qxf4+ 36. exf4 d4 37. Rd8 d3 38. Kg1 b5 39. Kf2 Ke7 40. Rb8 d2 41. Ke2 e3 42. Rxb5 Kd6 43. Rb3 Kd5 44. Rxe3 Kd4 45. Rd3+ Ke4 46. Rxd2 Kxf4 47. Kf2 g5 48.
Rd4+ Ke5 49. Ra4 f4 50. g3 fxg3+ 51. Kxg3 Kf5 52. Ra5+ Kg6 1-0

[Event "*** SCC Grand Prix: Titled Tuesday Blitz"]
[Site "Chess.com"]
[Date "2020.08.04"]
[Round "5"]
[White "bazar-wokzal"]
[Black "Chessbard1972"]
[Result "0-1"]
[WhiteElo "2470"]
[BlackElo "2338"]
[TimeControl "180+1"]
[EndTime "14:40:27 PDT"]
[Termination "Chessbard1972 won on time"]

1. e4 c5 2. c3 d5 3. exd5 Qxd5 4. d4 Nf6 5. Nf3 Bg4 6. dxc5 Qxc5 7. h3 Bh5 8. Be3 Qc8 9. Na3 a6 10. Qa4+ Nbd7 11.
g4 Bg6 12. Bg2 Be4 13. O-O-O Bc6 14. Qa5 e6 15. Nc4 Be7 16. Nd6+ Bxd6 17. Rxd6 O-O 18. Rhd1 Nd5 19. Nd4 Qb8 20. Qa3 N7b6 21. Nxc6 bxc6 22.
Rxc6 Nxe3 23. fxe3 Qe5 24. Qc5 Nd5 25. Bxd5 exd5 26.
Rxd5 Qg3 27. Rd2 Qxh3 28. g5 Rae8 29. Rxa6 Qf1+ 30. Kc2 Qxa6 31. Qd5 Qg6+ 32. Kc1 Rxe3 33. b4 Re1+ 34. Kb2 Rb1+ 35. Ka3 Qa6+ 0-1

[Event "*** SCC Grand Prix: Titled Tuesday Blitz"]
[Site "Chess.com"]
[Date "2020.08.04"]
[Round "5"]
[White "Msb2"]
[Black "Carnivoras"]
[Result "0-1"]
[WhiteElo "2790"]
[BlackElo "2633"]
[TimeControl "180+1"]
[EndTime "14:40:28 PDT"]
[Termination "Carnivoras won on time"]

1. d4 d5 2. c4 c6 3. Nc3 e6 4.
e3 Nf6 5. Nf3 Nbd7 6. Be2 Bd6 7. O-O O-O 8. a4 b6 9. Qc2 Bb7 10. Rd1 Qc7 11. a5 Rac8 12. Bd2 Qb8 13. a6 Ba8 14. e4 dxe4 15. Nxe4 Nxe4 16. Qxe4 e5 17. dxe5 Nxe5 18. c5 Nxf3+ 19. Bxf3 Bxc5 20. Bc3 Rfe8 21. Qg4 Bf8 22. Rd7 Rc7 23. Rad1 c5 24.
Bxa8 Rxd7 25. Rxd7 Qxa8 26. Qf5 Re7 27. h4 Qc8 28.
Rxe7 Qxf5 29. Rxa7 Qb1+ 30. Kh2 Bd6+ 31. g3 h6 32. Rd7 Qf5 33. Rxd6 Qxf2+ 34. Kh3 Qf1+ 35. Kh2 Qxa6 36. Rd8+ Kh7 37. Rd2 b5 38. Be5 f6 39.
Bf4 c4 0-1

[Event "*** SCC Grand Prix: Titled Tuesday Blitz"]
[Site "Chess.com"]
[Date "2020.08.04"]
[Round "5"]
[White "ahachess"]
[Black "Sadykov_Ramil"]
[Result "1-0"]
[WhiteElo "2282"]
[BlackElo "2423"]
[TimeControl "180+1"]
[EndTime "14:40:28 PDT"]
[Termination "ahachess won on time"]

1. d4 Nf6 2. c4 e6 3. Nf3 d5 4. Nc3 c6 5. Bg5 h6 6. Bxf6 Qxf6 7. e3 Nd7 8. Rc1 g6 9. a3 Bg7 10. Bd3 dxc4 11. Bxc4 O-O 12. O-O Qe7 13. Qc2 e5 14.
Qxg6 Kh8 15. Qh5 e4 16. Nd2 f5 17. Rce1 Nf6 18. Qd1 Be6 19. Qb3 Bxc4 20. Nxc4 Ng4 21. h3 Nf6 22. Ne5 Kh7 23. f3 Rae8 24. fxe4 Nxe4 25.
Nxe4 fxe4 26. Ng4 Rxf1+ 27. Rxf1 Rf8 28. Rxf8 Qxf8 29. Qxb7 h5 30. Nf2 Qd6 31. Nxe4 Qg6 32. Nc5 Qg3 33. Qe7 Kh8 34. Qe8+ Kh7 35. Qxh5+ Kg8 36.
Qf3 Qg5 37. Ne6 Qb5 38. Nxg7 Kxg7 39. Qg3+ Kf6 40. Qe5+ 1-0

[Event "*** SCC Grand Prix: Titled Tuesday Blitz"]
[Site "Chess.com"]
[Date "2020.08.04"]
[Round "5"]
[White "Micki-taryan"]
[Black "Hrant_ChessMood"]
[Result "1-0"]
[WhiteElo "3065"]
[BlackElo "2858"]
[TimeControl "180+1"]
[EndTime "14:40:29 PDT"]
[Termination "Micki-taryan won on time"]

1. e3 e5 2. c4 Nf6 3. Nc3 Bb4 4.
Nge2 O-O 5. a3 Bxc3 6. Nxc3 Re8 7. Be2 c5 8. b4 d6 9. O-O Nc6 10. Rb1 b6 11. d3 Bb7 12. b5 Ne7 13. e4 Ng6 14. g3 Qd7 15. f4 exf4 16. gxf4 Qh3 17. Rf3 Qh4 18. Bd2 Nh5 19. Qf1 Qg4+ 20. Kh1 Qd7 21.
f5 Ne5 22. Rh3 Nf6 23. Bg5 Qe7 24. Qg2 Ned7 25. Rg1 g6 26. Nd5 Bxd5 27. cxd5 c4 28. Rh4 cxd3 29. Bxd3 Qe5 30. Bb1 Rac8 31. Qh3 Rc3 32. Qg2 Rxa3 33. Bf4 Qe7 34. fxg6 fxg6 35. e5 Nxe5 36. Bxe5 Qxe5 37. Bxg6 Re7 38. Rxh7 Kf8 39.
Rh8+ Ng8 40. Bh7 1-0

[Event "*** SCC Grand Prix: Titled Tuesday Blitz"]
[Site "Chess.com"]
[Date "2020.08.04"]
[Round "5"]
[White "LubovMarkelova"]
[Black "Vladislav_Chizhikov"]
[Result "0-1"]
[WhiteElo "2239"]
[BlackElo "2453"]
[TimeControl "180+1"]
[EndTime "14:40:30 PDT"]
[Termination "Vladislav_Chizhikov won on time"]

1. d4 d5 2. Nf3 c6 3. Bf4 Bf5 4. e3 e6 5. c4 Nd7 6. Nc3 Qb6 7. Qb3 dxc4 8. Bxc4 Qxb3 9. Bxb3 Ngf6 10. h3 h6 11. O-O Be7 12. Rfe1 Ne4 13. Nxe4 Bxe4 14. Nd2 Bd5 15. Bc2 c5 16. e4 Bc6 17. Nb3 b6 18. Rad1 c4 19. Nd2 b5 20. Nf3 Nb6 21. d5 exd5 22.
exd5 Bxd5 23. Nd4 Kf8 24. Nxb5 Rc8 25. Nxa7 Ra8 26. Nb5 Rxa2 27. Be5 f6 28. Bd4 Nd7 29. Nc3 Ra5 30. Ra1 Rxa1 31. Rxa1 Bc6 32. Ra6 Nb8 33. Rb6 Kf7 34. Be4 Rd8 35. Be3 Bxe4 36. Nxe4 Nd7 37. Rb7 Ke6 0-1

[Event "*** SCC Grand Prix: Titled Tuesday Blitz"]
[Site "Chess.com"]
[Date "2020.08.04"]
[Round "5"]
[White "Euge_chess"]
[Black "Ole83"]
[Result "0-1"]
[WhiteElo "2041"]
[BlackElo "2318"]
[TimeControl "180+1"]
[EndTime "14:40:30 PDT"]
[Termination "Ole83 won by checkmate"]

1. e4 d6 2. d4 Nf6 3. Nc3 g6 4. Nf3 Bg7 5. Bc4 O-O 6. Bb3 c6 7. O-O d5 8. exd5 Nxd5 9. Nxd5 cxd5 10. c3 Nc6 11. Re1 Bg4 12. h3 Bxf3 13. Qxf3 e6 14. Bf4 b5 15. Be5 Nxe5 16. dxe5 Qg5 17. Qe3 Qxe3 18. Rxe3 Rfc8 19. f4 Rab8 20. g3 a5 21. Bd1 Bf8 22. Kg2 Bc5 23. Rd3 Kg7 24.
g4 b4 25. cxb4 Rxb4 26. f5 gxf5 27. b3 fxg4 28. Bxg4 Bd4 29. Re1 Rc2+ 30. Kf3 Rf2+ 31.
Kg3 Rxa2 32. Rf1 Bxe5+ 33. Kh4 f5 34. Re3 Kf6 35. Kh5 Rg2 36. Bf3 Rg3 37. Rfe1 Rxh3# 0-1

[Event "*** SCC Grand Prix: Titled Tuesday Blitz"]
[Site "Chess.com"]
[Date "2020.08.04"]
[Round "5"]
[White "eightbyeightchess"]
[Black "Goryachkina"]
[Result "1-0"]
[WhiteElo "2432"]
[BlackElo "2574"]
[TimeControl "180+1"]
[EndTime "14:40:31 PDT"]
[Termination "eightbyeightchess won by resignation"]

1. e4 e6 2. d4 d5 3. e5 c5 4. c3 Nc6 5. Nf3 Nge7 6. Bd3 cxd4 7. cxd4 Nf5 8. Bxf5 exf5 9. Bg5 Qb6 10.
Nc3 Be6 11. O-O h6 12. Be3 Be7 13.
Rc1 O-O 14. Na4 Qc7 15. Nc5 Rac8 16. b4 Bxc5 17. Rxc5 Qd7 18. a3 Ne7 19. Qc1 b6 20. Rxc8 Rxc8 21. Qd2 Ng6 22. Bxh6 gxh6 23. Qxh6 Qe7 24.
Ng5 Nf8 25. f4 Rc3 26. g4 Rxa3 27. Kh1 Qxb4 28. gxf5 Bxf5 29. Rg1 Bg6 30. f5 Qxd4 31. fxg6 fxg6 32. Qxf8+ Kxf8 33. Ne6+ Kf7 34. Nxd4 Re3 35. e6+ Ke7 36. Rxg6 Re4 37. Nf5+ Kf8 38. e7+ Kf7 39. Rg7+ Kf6 40. Rg8 Re1+ 41. Kg2 Re2+ 42. Kf3 1-0

[Event "*** SCC Grand Prix: Titled Tuesday Blitz"]
[Site "Chess.com"]
[Date "2020.08.04"]
[Round "5"]
[White "Isajevsky_Anton"]
[Black "saisree"]
[Result "1-0"]
[WhiteElo "2586"]
[BlackElo "2411"]
[TimeControl "180+1"]
[EndTime "14:40:32 PDT"]
[Termination "Isajevsky_Anton won on time"]

1. c4 Nf6 2. Nc3 g6 3. g3 Bg7 4. Bg2 O-O 5. e4 e5 6. Nge2 Nc6 7. O-O Nd4 8. d3 d6 9. h3 c5 10. Rb1 h6 11. a3 Bd7 12. b4 b6 13. Kh2 Rb8 14. f4 Ne8 15. Be3 f5 16. Qd2 Kh7 17.
fxe5 dxe5 18. Nd5 Nd6 19. Nec3 Be6 20. exf5 N6xf5 21. bxc5 bxc5 22. Rxb8 Qxb8 23. Rb1 Qc8 24. Ne4 Nxe3 25. Qxe3 Bf5 26. Nd6 Qd7 27. Nxf5 gxf5 28. Rb7 Qd6 29. Rxa7 f4 30. Qe4+ Kh8 31. Ne7 fxg3+ 32. Kxg3 Ne2+ 33. Kh2 Nf4 34. Nf5 Qxd3 35. Qxd3 Nxd3 36. Nxg7 Nf4 37. Be4 Rd8 38. Nf5 Rd2+ 39.
Kg3 Ra2 40. Nxh6 1-0

[Event "*** SCC Grand Prix: Titled Tuesday Blitz"]
[Site "Chess.com"]
[Date "2020.08.04"]
[Round "5"]
[White "ChessWarrior7197"]
[Black "JonahWillow"]
[Result "1-0"]
[WhiteElo "2880"]
[BlackElo "2679"]
[TimeControl "180+1"]
[EndTime "14:40:33 PDT"]
[Termination "ChessWarrior7197 won on time"]

1. e4 c5 2. Nf3 Nc6 3. Bb5 g6 4. Bxc6 dxc6 5. d3 Bg7 6. h3 e5 7. Nc3 Ne7 8. Be3 b6 9. Qd2 h6 10. O-O g5 11. Ne2 Ng6 12. Ng3 Nf4 13. Nh2 O-O 14.
a3 a5 15. b4 cxb4 16. axb4 a4 17. Nf3 Be6 18. Rfd1 Qd7 19. d4 Bxh3 20. gxh3 Qxh3 21. Ne1 Rad8 22. Rxa4 h5 23. c3 h4 24. Bxf4 gxf4 25. Nf5 Kh7 26. f3 Rg8 27. Qf2 Bf6+ 28. Ng2 Rxg2+ 29.
Qxg2 Rg8 30. Qxg8+ Kxg8 31. Rd3 b5 32. Ra2 exd4 33.
cxd4 Bxd4+ 34. Nxd4 Qd7 35. Rad2 h3 36. Nf5 Qe6 37.
Kh2 Qg6 38. Kxh3 Qh5+ 39. Nh4 1-0

[Event "*** SCC Grand Prix: Titled Tuesday Blitz"]
[Site "Chess.com"]
[Date "2020.08.04"]
[Round "5"]
[White "Jospem"]
[Black "bascheyaro"]
[Result "1-0"]
[WhiteElo "2927"]
[BlackElo "2704"]
[TimeControl "180+1"]
[EndTime "14:40:35 PDT"]
[Termination "Jospem won by resignation"]

1. e4 e6 2. d4 d5 3. Nc3 Bb4 4.
e5 Ne7 5. a3 Bxc3+ 6. bxc3 b6 7.
h4 Ba6 8. Ne2 c5 9. h5 h6 10. Ng3 Bxf1 11. Kxf1 cxd4 12. cxd4 Qc7 13. Rh3 Qc4+ 14. Kg1 Nbc6 15. Be3 O-O 16. Rc1 Kh8 17.
Kh2 f6 18. exf6 Rxf6 19. Qd2 Raf8 20. f3 Qa4 21. Qd3 Na5 22. Bd2 Nf5 23. Nxf5 Rxf5 24. Re1 Qc6 25. Bxa5 bxa5 26. Re3 Rf4 27. c3 R4f6 28. Rg3 Qd6 29. Re5 Rf5 30. f4 Rxf4 31. Qg6 Qc7 32. Qxe6 R4f6 33. Qxd5 a6 34. Qc5 Qd7 35. Qe7 Qxe7 36. Rxe7 Rf5 37. Rgxg7 Rxh5+ 38. Kg1 Rhf5 39. Rh7+ 1-0

[Event "*** SCC Grand Prix: Titled Tuesday Blitz"]
[Site "Chess.com"]
[Date "2020.08.04"]
[Round "5"]
[White "FMJoseHerrera"]
[Black "tptagain"]
[Result "0-1"]
[WhiteElo "2506"]
[BlackElo "2944"]
[TimeControl "180+1"]
[EndTime "14:40:35 PDT"]
[Termination "tptagain won by resignation"]

1. f3 d5 2. g3 e5 3. Kf2 Nf6 4. Kg2 Nc6 5. d3 h5 6. h4 Be7 7. Nh3 O-O 8. Ng5 Nd4 9. Nc3 c6 10. e4 g6 11. Be2 Nh7 12. f4 Nxe2 13. Qxe2 d4 14. Nd1 Bg4 15. Qf1 f5 16. Ne6 Qd7 17. Nxf8 Rxf8 18. Nf2 fxe4 19. Nxe4 Nf6 20. Qe1 Nxe4 21.
dxe4 Bd6 22. Qf2 Qe6 23. Re1 c5 24. c3 d3 25. Be3 Be2 26. Bxc5 Bxc5 27. Qxc5 exf4 28.
Qd5 f3+ 29. Kf2 Kf7 30. Rad1 Qxd5 31. exd5 Kf6 32. c4 Rc8 33. b3 Kf5 34. Ke3 Re8+ 35. Kd2 Kg4 36. Rg1 f2 37. Rgf1 Bxf1 38. Rxf1 Kf3 39.
d6 Kg2 40. Rxf2+ Kxf2 41. Kxd3 Kxg3 42. c5 Kxh4 43. b4 g5 44. b5 Rd8 45. Ke4 g4 46.
Ke5 g3 47. c6 bxc6 48. bxc6 g2 49. c7 Re8+ 50. Kd5 g1=Q 51. d7 Qd1+ 52. Kc6 Re6+ 53. Kb7 Qxd7 0-1

[Event "*** SCC Grand Prix: Titled Tuesday Blitz"]
[Site "Chess.com"]
[Date "2020.08.04"]
[Round "5"]
[White "kosya4ok"]
[Black "Bodnar_Mykola"]
[Result "0-1"]
[WhiteElo "2707"]
[BlackElo "2461"]
[TimeControl "180+1"]
[EndTime "14:40:36 PDT"]
[Termination "Bodnar_Mykola won by resignation"]

1. d4 Nf6 2. c4 e6 3. Nf3 b6 4.
a3 Bb7 5. Nc3 d5 6. cxd5 Nxd5 7.
Qc2 Nxc3 8. bxc3 c5 9. e4 Nc6 10. Bd3 Rc8 11. Qa4 Be7 12. O-O O-O 13. Rd1 Qe8 14.
d5 exd5 15. exd5 Nd4 16. Qxa7 Nxf3+ 17. gxf3 Bxd5 18. Bxh7+ Kxh7 19. Rxd5 Bf6 20. Bf4 Qe2 21. Qb7 Kg8 22. Kg2 Bxc3 23. Rb1 Bd4 24. Bg3 Qa2 25. Rxb6 Qxa3 26. Ra6 Qc1 27. Ra7 Rce8 28. Rh5 Re1 29.
Ra8 Rg1+ 30. Kh3 g6 31. Rxf8+ Kxf8 32. Qb8+ Ke7 33. Rd5 Qh6+ 34. Kg4 f5+ 35. Rxf5 gxf5+ 36. Kxf5 Qe6+ 37. Kg5 Qf6+ 38. Kg4 Qg6+ 39. Kf4 Qd6+ 40. Qxd6+ Kxd6 41. Ke4+ Ke6 42. h4 Re1+ 43. Kd3 Kd5 44. h5 c4+ 45. Kd2 Re6 46. Bf4 Bxf2 47. h6 Bd4 48.
Kc2 Rf6 49. Bd2 Rxf3 50. h7 Rh3 51. Bf4 Rxh7 0-1